 Dungeon Crawl Stone Soup version 0.17.0-28-g6e173f8 (webtiles) character file.

688 Ivanskos the Covered (level 7, -3/64 HPs)
             Began as a Deep Dwarf Fighter on Nov 30, 2015.
             Slain by Pikel
             ... wielding a +1 whip of electrocution
              (8 damage)
             ... on level 5 of the Dungeon.
             The game lasted 00:17:19 (3022 turns).

Ivanskos the Covered (Deep Dwarf Fighter)           Turns: 3022, Time: 00:17:20

Health: -3/64      AC: 13    Str: 22    XL:     7   Next: 36%
Magic:  5/5        EV:  6    Int:  8    God:
Gold:   239        SH: 11    Dex: 12    Spells: 0 memorised, 6 levels left

rFire  . . .     SeeInvis .     b - +1 flail (crush)
rCold  . . .     Clarity  .     v - +0 plate armour
rNeg   . . .     SustAt   .     c - +1 shield
rPois  .         Gourm    .     (no helmet)
rElec  .         Spirit   .     j - +0 cloak
rCorr  .         Warding  .     (no gloves)
rMut   .         Stasis   .     (no boots)
MR     +....                    k - amulet of rage
Stlth  ..........               (no ring)
                                (no ring)

@: non-regenerating, somewhat resistant to hostile enchantments, extremely
unstealthy
A: damage resistance, recharge devices, sense surroundings 1, slow regeneration
3
a: Device Recharging, Evoke Berserk Rage


You were on level 5 of the Dungeon.
You were not hungry.

You visited 1 branch of the dungeon, and saw 5 of its levels.

You collected 239 gold pieces.

Inventory:

Hand Weapons
 b - a +1 flail of crushing (weapon)
Armour
 c - a +1 shield (worn)
 j - a +0 cloak (worn)
 v - a +0 plate armour (worn)
Jewellery
 k - an amulet of rage (around neck)
Wands
 e - a wand of heal wounds (1)
Scrolls
 i - a scroll of fog
 l - a scroll of blinking
 p - 2 scrolls of remove curse
Potions
 g - a potion of flight
 h - 2 potions of heal wounds
 m - a potion of haste
 n - a potion of lignification {unknown}
 q - a potion of berserk rage {unknown}
 r - 2 potions of might
 u - a potion of curing
Books
 o - a book of Geomancy

   Spells                             Type                      Level
   a - Sandblast                      Earth                        1
   b - Stoneskin                      Transmutation/Earth          2
   c - Passwall                       Transmutation/Earth          3
   d - Stone Arrow                    Conjuration/Earth            3
   e - Petrify                        Transmutation/Earth          4
   f - Lee's Rapid Deconstruction     Earth                        5
Comestibles
 d - a slice of pizza


   Skills:
 + Level 4.1 Fighting
 + Level 3.8 Maces & Flails
 + Level 5.2 Armour
 + Level 4.1 Dodging
 + Level 4.9 Shields


You had 6 spell levels left.
You didn't know any spells.

Dungeon Overview and Level Annotations

Branches:
Dungeon (5/15)
 Temple: D:4-7

Altars:
Ashenzari
Elyvilon
Okawaru

Annotations:
D:5 Pikel


Innate Abilities, Weirdness & Mutations

You are resistant to damage.
You can recharge devices by infusing magical energy.
You passively map a small area around you.
You do not regenerate naturally.


Message History

Pikel is almost dead.
The slave hits you but does no damage. Pikel hits you but does no damage.
The slave hits you but does no damage. You block the slave's attack.
You block the slave's attack.
You closely miss Pikel.
Pikel is almost dead.
Pikel hits you but does no damage.
You are electrocuted!
The slave hits you but does no damage. The slave hits you. The slave hits you.
You hit Pikel but do no damage.
Pikel is almost dead.
Pikel hits you but does no damage. The slave closely misses you.
You block the slave's attack. x2
You hit Pikel.
Pikel is almost dead.
Pikel hits you but does no damage.
You are electrocuted!
* * * LOW HITPOINT WARNING * * *
You block the slave's attack. x2
The slave hits you. The slave barely misses you.
Pikel hits you but does no damage.
You are electrocuted!
You die...

### .#* ###.# #..#
###...#
#...#*##.....#######*
.....##............., ,
, ................... ,
*
#..............#########
,
#........#.....@Kp.....
##.....###...ppp...... ,
##....## ##........... ,
#....## ##..........
##...## #.....#####
#...## ##...## ##..##
#...# ....# ##..# ....##
*


You could see Pikel and 4 slaves.

Vanquished Creatures
  Sigmund (D:2)
  An ogre (D:4)
  Blork the orc (D:4)
  2 crimson imps
  An orc priest (D:4)
  A giant frog skeleton (D:4)
  3 worker ants (D:4)
  9 adders
  An adder skeleton (D:5)
  3 worms
  4 giant geckos
  3 orcs
  2 ball pythons
  3 giant cockroaches
  5 goblins
  10 hobgoblins
  20 jackals
  A ball python skeleton (D:4)
  9 bats
  2 giant newts
  2 kobolds
  2 quokka skeletons (D:4)
  5 rats
91 creatures vanquished.

Notes
Turn   | Place    | Note
--------------------------------------------------------------
     0 | D:1      | Ivanskos the Deep Dwarf Fighter began the quest for the Orb.
     0 | D:1      | Reached XP level 1. HP: 20/20 MP: 1/1
    88 | D:1      | Reached skill level 1 in Dodging
    92 | D:1      | Reached XP level 2. HP: 17/27 MP: 2/2
   804 | D:2      | Noticed Sigmund
   818 | D:2      | Killed Sigmund
   818 | D:2      | Reached skill level 4 in Armour
   818 | D:2      | Reached XP level 3. HP: 15/34 MP: 3/3
   818 | D:2      | Reached XP level 4. HP: 18/42 MP: 4/4
   818 | D:2      | Reached XP level 5. HP: 21/49 MP: 5/5
  1203 | D:2      | Found a white marble altar of Elyvilon.
  1203 | D:2      | Found an iron altar of Okawaru.
  1205 | D:2      | Found a shattered altar of Ashenzari.
  1898 | D:3      | Reached XP level 6. HP: 18/56 MP: 6/6
  2569 | D:4      | Noticed Blork the orc
  2604 | D:4      | Killed Blork the orc
  2604 | D:4      | Reached skill level 5 in Armour
  2604 | D:4      | Reached XP level 7. HP: 32/63 MP: 7/7
  2957 | D:5      | Entered Level 5 of the Dungeon
  3004 | D:5      | Noticed Pikel
  3022 | D:5      | Slain by Pikel

Action                   |  1- 3 |  4- 6 |  7- 9 || total
-------------------------+-------+-------+-------++-------
Melee: Flail             |    82 |   261 |    48 ||   391
 Abil: Device Recharging |       |       |     2 ||     2
Evoke: Wand              |     1 |     4 |     2 ||     7
  Use: Potion            |     1 |     1 |       ||     2
       Scroll            |       |     8 |     2 ||    10
  Eat: Bread ration      |       |     1 |     1 ||     2
       Beef jerky        |       |     1 |       ||     1
